 Dungeon Crawl Stone Soup version 0.17-a0-2093-gc772f4b (webtiles) character file.

34 derrpe the Ogre Mage (level 3, -2/31 HPs)
             Began as an Ogre Wizard on Oct 17, 2015.
             Slain by Sigmund
             ... wielding a +0 scythe
              (10 damage)
             ... on level 2 of the Dungeon.
             The game lasted 00:02:43 (1344 turns).

derrpe the Ogre Mage (Ogre Wizard)                  Turns: 1344, Time: 00:02:43

Health: -2/31      AC:  4    Str: 12      XL:     3   Next: 31%
Magic:  1/8        EV:  9    Int: 17 (18) God:
Gold:   56         SH:  0    Dex:  8      Spells: 3 memorised, 5 levels left

rFire  . . .     SeeInvis .     i - +0 club
rCold  . . .     Clarity  .     a - +0 robe
rNeg   . . .     SustAt   .     (no shield)
rPois  .         Gourm    .     b - +0 hat
rElec  .         Spirit   .     f - +0 cloak
rCorr  .         Warding  .     (gloves unavailable)
rMut   .         Stasis   .     (boots unavailable)
MR     .....                    (no amulet)
Stlth  +.........               (no ring)
                                (no ring)

@: very slightly contaminated, repel missiles, not resistant to hostile
enchantments, very unstealthy
A: unfitting armour, tough skin 1
a: no special abilities


You were on level 2 of the Dungeon.
You were not hungry.

You visited 1 branch of the dungeon, and saw 2 of its levels.

You collected 56 gold pieces.

Inventory:

Hand Weapons
 i - a +0 club (weapon)
Missiles
 p - 27 stones (quivered)
Armour
 a - a +0 robe (worn)
 b - a +0 hat (worn)
 f - a +0 cloak (worn)
Scrolls
 e - 2 scrolls of remove curse {unknown}
 h - 2 scrolls of identify {unknown}
 j - a scroll of immolation {unknown}
 k - 2 scrolls of blinking {unknown}
 l - a scroll of fog {unknown}
 n - a scroll of teleportation {unknown}
Potions
 g - a potion of degeneration
Books
 c - a book of Minor Magic

   Spells                             Type                      Level
   a - Magic Dart                     Conjuration                  1
   b - Blink                          Translocation                2
   c - Call Imp                       Summoning                    2
   d - Repel Missiles                 Charms/Air                   2
   e - Slow                           Hexes                        2
   f - Conjure Flame                  Conjuration/Fire             3
   g - Mephitic Cloud                 Conjuration/Poison/Air       3
Comestibles
 d - a bread ration {@e1}


   Skills:
 - Level 1.7 Dodging
 - Level 1.5 Stealth
 + Level 4.1 Spellcasting
 * Level 1.8 Conjurations
   Level 0.6 Summonings
 - Level 0.6 Translocations


You had 5 spell levels left.
You knew the following spells:

 Your Spells              Type           Power        Failure   Level  Hunger
a - Magic Dart            Conj           #...         10%         1    None
b - Blink                 Tloc           N/A          21%         2    ##.....
c - Repel Missiles        Chrm/Air       #.....       24%         2    ##.....


Dungeon Overview and Level Annotations

Branches:
Dungeon (2/15)

Altars:

Annotations:
D:2 Sigmund


Innate Abilities, Weirdness & Mutations

You are too large for most types of armour.
You have tough skin (AC +1).


Message History

You don't have enough magic to cast that spell.
Found a glowing dagger.
You hit Sigmund.
Sigmund is severely wounded.
Sigmund closely misses you.
You closely miss Sigmund.
Sigmund is severely wounded.
Sigmund misses you.
You hit Sigmund.
Sigmund is severely wounded.
Sigmund mumbles some strange words.
Sigmund flickers and vanishes!
Deactivating autopickup; reactivate with Ctrl-A.
You barely miss something. Something hits you!
* * * LOW HITPOINT WARNING * * *
Casting: Magic Dart
Confirm with . or Enter, or press ? or * to list all spells.
You can't see any susceptible monsters within range! (Use Z to cast anyway.)
You hit something but do no damage. Something hits you!
You die...

######### ........#
########.# ...#..#.# #
###.#....# #.
...#<..#..#
#####.###.##.###..#
).....{...>....#..######
#@.....#.#.......#
#.###....#.#####.# #.#
#.##.#...# #.# #.#
#.....##.###.# #.#
#####.##.....# #.#
#)######## #.#######.#
#.........# ###########


There were no monsters in sight!

Vanquished Creatures
  An adder (D:2)
  2 giant geckos (D:1)
  5 goblins (D:1)
  A hobgoblin (D:1)
  A ball python (D:1)
  2 bats (D:1)
  3 giant newts
  4 kobolds
  5 rats (D:1)
24 creatures vanquished.

Notes
Turn   | Place    | Note
--------------------------------------------------------------
     0 | D:1      | derrpe the Ogre Wizard began the quest for the Orb.
     0 | D:1      | Reached XP level 1. HP: 16/16 MP: 5/5
   153 | D:1      | Reached skill level 1 in Conjurations
   258 | D:1      | Reached XP level 2. HP: 24/24 MP: 2/6
   920 | D:1      | Reached skill level 4 in Spellcasting
   969 | D:1      | Learned a level 2 spell: Blink
   972 | D:1      | Learned a level 2 spell: Repel Missiles
  1198 | D:2      | Reached XP level 3. HP: 31/31 MP: 5/8
  1326 | D:2      | Noticed Sigmund
  1344 | D:2      | Slain by Sigmund

Vault maps used:
D:1:      nicolae_arrival_washed_ashore, minmay_statues_item
D:2:      uniq_sigmund

Action                   || total
-------------------------++-------
Melee: Unarmed           ||     1
       Club              ||     5
 Cast: Magic Dart        ||    62
       Repel Missiles    ||     1
  Use: Potion            ||     2
 Stab: Sleeping          ||     1
  Eat: Chunk             ||     1
